 Dungeon Crawl Stone Soup version 0.29.0-4-gdea44cf6ec (webtiles) character file.

Game seed: 12174961003584524149

102 qw the Sneak (level 4, -4/36 HPs)
             Began as a Ghoul Enchanter on Sept 7, 2022.
             Slain by an ogre
             ... wielding a +0 giant club
              (13 damage)
             ... on level 4 of the Dungeon.
             The game lasted 00:01:10 (4203 turns).

qw the Sneak (Ghoul Enchanter)                      Turns: 4203, Time: 00:01:11

Health: -4/36      AC:  8    Str: 13    XL:     4   Next: 78%
Magic:  5/5        EV:  6    Int: 10    God:
Gold:   143        SH:  0    Dex: 15    Spells: 6/6 levels left

rFire   . . .      SeeInvis .   Y - +1 hand axe
rCold   + . .      Faith    .   (no shield)
rNeg    + + +      Spirit   .   d - +0 chain mail
rPois   inf        Reflect  .   (no helmet)
rElec   .          Harm     .   (no cloak)
rCorr   .          Rampage  .   (no gloves)
Will    .....                   (no boots)
Stlth   ..........              (no amulet)
HPRegen 0.00/turn               f - +6 ring of dexterity
MPRegen 0.09/turn               (no ring)

@: inhibited regen
A: claws 1, cold resistance 1, negative energy resistance 3, inhibited
regeneration, torment resistance 2, devour on kill
a: no special abilities


You were on level 4 of the Dungeon.
You visited 1 branch of the dungeon, and saw 4 of its levels.

You collected 143 gold pieces.


Innate Abilities, Weirdness & Mutations

You are immune to poison.
You have sharp fingernails.
Your flesh is cold resistant. (rC+)
You are immune to negative energy. (rN+++)
You do not regenerate when monsters are visible.
You are immune to unholy pain and torment.
You thrive by killing the living.


   Skills:
 - Level 2.0 Fighting
 - Level 0.8 Short Blades
 - Level 3.2 Axes
 + Level 0.4 Armour
 - Level 1.7 Dodging
 - Level 3.2 Stealth
 - Level 1.7 Spellcasting
 - Level 2.4 Hexes


You had 6 spell levels left.
You didn't know any spells.
Your spell library contained the following spells:

 Spells                   Type           Power      Damage    Failure   Level
 Ensorcelled Hibernation  Hex/Ice        6%         N/A       100%        2
 Confusing Touch          Hex            5%         N/A       100%        3
 Dazzling Flash           Conj/Hex       6%         N/A       100%        3
 Tukima's Dance           Hex            5%         N/A       100%        3

Inventory:

Hand Weapons
 i - a +0 whip
 Y - a +1 hand axe (weapon)
Missiles
 k - 3 boomerangs (quivered)
Armour
 d - a +0 chain mail (worn)
Jewellery
 b - a ring of resist corrosion
 f - a +6 ring of dexterity (left claw)
Scrolls
 c - 2 scrolls of identify
 g - a scroll of noise {unknown}
Potions
 a - a potion of flight {unknown}
 e - a potion of brilliance {unknown}
 h - 2 potions of curing {unknown}
 j - a potion of heal wounds {unknown}
 l - a potion of degeneration {unknown}
 m - a potion of attraction {unknown}
 n - 2 potions of might {unknown}

Dungeon Overview and Level Annotations

Branches:
Dungeon (4/15)
 Temple: D:4-7

Altars:
Makhleb


Message History

The kobold is moderately wounded.
You barely miss the kobold. The kobold hits you with a +0 dagger.
You hit the kobold.
The kobold is heavily wounded.
The kobold hits you but does no damage.
You hit the kobold.
You kill the kobold!
An ogre comes into view. It is wielding a +0 giant club.
Throw: 3 boomerangs
Press: ? - help, Q - select action Shift-Dir - straight line, f - ogre You throw a boomerang.
The boomerang barely misses the ogre.
The ogre shouts!
A kobold comes into view. It is wielding a +0 short sword.
Throw: 3 boomerangs
Press: ? - help, Q - select action Shift-Dir - straight line, f/p - ogre You throw a boomerang.
The kobold shouts!
The boomerang hits the ogre.
The ogre is lightly wounded.
You hear a shout!
A hobgoblin comes into view.
Throw: 3 boomerangs
Press: ? - help, Q - select action Shift-Dir - straight line, f/p - ogre You throw a boomerang.
The boomerang barely misses the ogre.
Throw: 3 boomerangs
Press: ? - help, Q - select action Shift-Dir - straight line, f/p - ogre You throw a boomerang.
The boomerang hits the ogre.
The ogre is lightly wounded.
You hit the ogre but do no damage.
The ogre is lightly wounded.
The ogre hits you with a +0 giant club!!
Ouch! That really hurt!
The kobold hits you with a +0 short sword.
You hit the ogre.
The ogre is moderately wounded.
You hit the kobold.
You kill the kobold!
The ogre hits you with a +0 giant club!
You die...

.............#
.............#
.............#
.............# .
.............# #..
###########..# ....
.........#### .....
........##..##......
+###....##..@O..>...
#....##...)......
#....'....g......
#....#...........
#....#.........).
#....#...........
#######..........
#..........
..........


You could see an ogre and a hobgoblin.

Vanquished Creatures
  A necrophage (D:3)
  A worm (D:4)
  2 endoplasms
  A giant cockroach (D:1)
  3 hobgoblins
  2 quokkas (D:3)
  5 ball pythons
  5 bats
  2 frilled lizards
  5 goblins
  10 kobolds
  8 rats
45 creatures vanquished.

Notes
Turn   | Place    | Note
-------+----------+-------------------------------------------
     0 | D:1      | qw the Ghoul Enchanter began the quest for the Orb.
     0 | D:1      | Reached XP level 1. HP: 14/14 MP: 2/2
     0 | D:1      | 0 ||| qw: Version: 0.1-a-108-g9e35731
     0 | D:1      | 0 ||| qw: Game counter: 6502
     0 | D:1      | 0 ||| qw: Always use a shield: true
     0 | D:1      | 0 ||| qw: God list: Okawaru
     0 | D:1      | 0 ||| qw: Allow faded altars: false
     0 | D:1      | 0 ||| qw: Do Orc after D:15 true
     0 | D:1      | 0 ||| qw: Do second Lair branch before Depths: true
     0 | D:1      | 0 ||| qw: Lair rune preference: random
     0 | D:1      | 0 ||| qw: Plans: Normal
     0 | D:1      | 0 ||| PLANNING D:1-11
   283 | D:1      | 283 ||| SWAPPING to +0 club.
   284 | D:1      | 284 ||| DROPPING +1 dagger.
   422 | D:1      | HP: 3/14 [goblin/+0 club (4)]
   422 | D:1      | HP: 1/14 [goblin/+0 club (2)]
   424 | D:1      | Reached skill level 1 in Axes
   729 | D:1      | 729 ||| SWAPPING to +0 hand axe.
   870 | D:1      | Reached XP level 2. HP: 22/22 MP: 3/3
   870 | D:1      | Found a faded altar of an unknown god.
   876 | D:1      | 876 ||| DROPPING +0 club.
   904 | D:1      | Reached skill level 1 in Fighting
  1700 | D:1      | 1700 ||| UPGRADING to +0 chain mail.
  1710 | D:1      | 1710 ||| DROPPING +0 robe.
  1711 | D:1      | 1711 ||| DROPPING +6 ring of intelligence.
  1712 | D:1      | 1712 ||| READING scroll labelled ILUPLU TA VYNK.
  1713 | D:1      | 1713 ||| DROPPING 2 potions of invisibility.
  2000 | D:2      | Reached XP level 3. HP: 28/28 MP: 4/4
  2627 | D:2      | 2627 ||| DROPPING ring of magical power.
  2628 | D:2      | 2628 ||| UPGRADING to +6 ring of dexterity.
  2629 | D:2      | 2629 ||| READING scroll labelled UKAFAO DUIXOZ.
  2633 | D:2      | 2633 ||| READING scroll labelled MAEGINN QYRIFA.
  2634 | D:2      | 2634 ||| READING scroll labelled KAH OPHUIFA.
  3104 | D:3      | Found Kiehiys's Armour Shop.
  3272 | D:3      | Found a burning altar of Makhleb.
  3322 | D:3      | Noticed a necrophage
  3335 | D:3      | Killed a necrophage
  3336 | D:3      | Reached skill level 3 in Axes
  3336 | D:3      | Reached XP level 4. HP: 21/36 MP: 5/5
  3873 | D:3      | 3873 ||| READING scroll labelled YGEKHAH BITO.
  3874 | D:3      | 3874 ||| READING scroll labelled SOTAIT OHEO.
  3937 | D:4      | 3937 ||| STAIRDANCE
  4196 | D:4      | Noticed an ogre
  4202 | D:4      | HP: 9/36 [kobold/+0 short sword (1)]
  4203 | D:4      | Slain by an ogre

Levels and vault maps discovered:
D:1:      ncdulo_wetmaze, layout_basic, hellmonk_ecumenical_altar_zigzags,
          serial_forest, infiniplex_forest_zigzag_1, infiniplex_forest_join,
          infiniplex_forest_lined_corner, infiniplex_forest_lined_1
D:2:      layout_basic
D:3:      layout_basic, mainiacjoe_overflow_small_starburst, serial_shops,
          nicolae_shop_waterfront, corexii_corridor_pit, feat_on_display
D:4:      layout_gridville, temple_doors_ab

Skill      XL: |  1  2  3 |
---------------+----------+-----
Axes           | 1 2 3 |  3.2
Fighting       | 1 2 |  2.0
Short Blades   | |  0.8
Armour         | |  0.4
Dodging        | |  1.7
Stealth        | |  3.2
Spellcasting   | |  1.7
Hexes          | |  2.4

Action                   |  1- 3 |  4- 6 || total
-------------------------+-------+-------++-------
Melee: Dagger            |    13 |       ||    13
       Hand axe          |   124 |    24 ||   148
       Club              |     6 |       ||     6
       Punch             |     1 |       ||     1
Throw: Boomerang         |     9 |    13 ||    22
  Use: Scroll            |     4 |     2 ||     6
Armor: Robe              |     8 |       ||     8
       Chain mail        |    65 |    13 ||    78
Dodge: Dodged            |    67 |     1 ||    68

Table legend:
 A = Non-vault XP
 B = Vault XP
 C = Vault XP percentage of total XP
 D = Non-vault monster count
 E = Vault monster count
 F = Vault count percentage of total count
                 A         B        C        D         E       F
            +---------+---------+-------+---------+---------+-------
      Total |     148 |       0 |   0.0 |      45 |       0 |   0.0
            +---------+---------+-------+---------+---------+-------
        D:1 |      18 |       0 |   0.0 |      13 |       0 |   0.0
        D:2 |      23 |       0 |   0.0 |      15 |       0 |   0.0
        D:3 |      98 |       0 |   0.0 |      13 |       0 |   0.0
        D:4 |       9 |       0 |   0.0 |       4 |       0 |   0.0
            +---------+---------+-------+---------+---------+-------
